 Dungeon Crawl Stone Soup version 0.26.1-11-gd32895ea62 (webtiles) character file.

Game seed: 16935124273936856045

18560 HyperSummoner the Grappler (level 12, -1/103 HPs)
             Began as a Troll Monk on May 3, 2021.
             Was the Champion of Hepliaklqana.
             Slain by a skeletal warrior
             ... wielding a +3 long sword of electrocution
             ... led by a death knight
              (11 damage)
             ... on level 13 of the Dungeon on May 4, 2021.
             The game lasted 01:22:08 (11167 turns).

HyperSummoner the Grappler (Troll Monk)            Turns: 11167, Time: 01:22:11

Health: -1/103     AC: 20    Str: 23    XL:     12   Next: 28%
Magic:  16/16      EV: 14    Int:  7    God:    Hepliaklqana [******]
Gold:   594        SH:  5    Dex: 14    Spells: 18/18 levels left

rFire    . . .     SeeInvis +   S - +7 short sword "Ymeajodd" {protect, SInv}
rCold    . . .     Faith    .   (no shield)
rNeg     . . .     Spirit   .   U - +1 steam dragon scales
rPois    .         Reflect  +   V - +1 hat
rElec    .         Harm     .   C - +2 cloak {rCorr}
rCorr    +         Rampage  .   (gloves unavailable)
Will     .....                  (boots unavailable)
Stlth    +++.......             I - amulet of reflection
HPRegen  0.67/turn              l - ring of see invisible
MPRegen  0.15/turn              x - +4 ring of protection

@: studying Fighting
A: large, unfitting armour, reduced essence, claws 3, icy blue scales 1, blurry
vision 1, regeneration 1, shaggy fur 1, tough skin 3
a: Renounce Religion, Recall Ancestor, Ancestor Identity, Transference, Idealise


You were on level 13 of the Dungeon.
You worshipped Hepliaklqana.
Hepliaklqana was exalted by your worship.
You visited 2 branches of the dungeon, and saw 14 of its levels.

You collected 736 gold pieces.
You spent 142 gold pieces at shops.

Inventory:

Hand Weapons
 S - the +7 short sword "Ymeajodd" (weapon) {protect, SInv}
   (You found it on level 11 of the Dungeon)

   It grants its wielder temporary protection when it strikes (+7 to AC).
   It lets you see invisible.
Armour
 d - the +0 cloak of Tulon {Stlth+, unknown}
   (You found it on level 13 of the Dungeon)

   It makes you more stealthy.
 C - a +2 cloak of preservation (worn)
 U - +1 steam dragon scales (worn)
 V - a +1 hat (worn)
 Z - +0 acid dragon scales
Jewellery
 l - a ring of see invisible (left claw)
 s - an uncursed amulet of the acrobat
 v - an uncursed ring of ice
 x - a +4 ring of protection (right claw)
 E - an uncursed amulet of magic regeneration
 I - an amulet of reflection (around neck)
 K - an uncursed ring of fire
 W - an uncursed ring of ice
Wands
 u - a wand of acid (19)
 G - a wand of polymorph (8)
 N - a wand of paralysis (4)
 R - a wand of flame (43)
Scrolls
 a - a scroll of fog
 b - 7 scrolls of remove curse
 i - a scroll of summoning
 m - 2 scrolls of enchant weapon
 n - 5 scrolls of amnesia
 o - a scroll of enchant armour
 p - 4 scrolls of silence
 q - 2 scrolls of magic mapping
 t - 9 scrolls of teleportation
 J - 3 scrolls of immolation
 O - 2 scrolls of fear
 P - 2 scrolls of blinking
 T - a scroll of holy word {unknown}
 X - 2 scrolls of vulnerability {unknown}
 Y - a scroll of identify
Potions
 c - 5 potions of curing
 f - 4 potions of flight
 h - a potion of resistance {unknown}
 j - 5 potions of haste
 k - 6 potions of magic
 r - 2 potions of lignification
 z - 5 potions of heal wounds
 A - 4 potions of brilliance
 D - 3 potions of ambrosia
Books
 w - a manual of Fighting


   Skills:
 + Level 6.5 Fighting
 + Level 4.2 Short Blades
 + Level 0.8 Staves
 + Level 7.6 Dodging
 + Level 4.5 Stealth
 + Level 1.9 Shields
 + Level 12.9 Unarmed Combat
 * Level 3.5 Spellcasting
 * Level 4.9 Invocations


You had 18 spell levels left.
You didn't know any spells.
Your spell library contained the following spells:

 Spells                   Type           Power        Failure   Level
 Animate Skeleton         Necr           2%           32%         1
 Apportation              Tloc           2%           32%         1
 Corona                   Hex            1%           32%         1
 Summon Small Mammal      Summ           4%           32%         1
 Poisonous Vapours        Pois/Air       2%           45%         2
 Conjure Flame            Conj/Fire      1%           69%         3
 Mephitic Cloud           Conj/Pois/Air  1%           69%         3
 Freezing Cloud           Conj/Ice/Air   0%           100%        6


Dungeon Overview and Level Annotations

Branches:
Dungeon (13/15)            Temple (1/1) D:4            Lair (0/6) D:9
    Orc (0/2) D:9
 Vaults: D:13-14

Altars:
Cheibriados
Hepliaklqana
Okawaru
Trog
Vehumet
Wu Jian
Xom
Yredelemnul
Beogh

Shops:
D:4 (   D:8 *   D:10 *   D:11 *


Innate Abilities, Weirdness & Mutations

You are too large for most types of armour.
You have claws for hands.
Your natural rate of healing is unusually fast.
You are covered in fur. (AC +1)
You have extremely tough skin. (AC +3)
Your life essence is reduced to manifest your ancestor. (-10% HP)
You are partially covered in icy blue scales. (AC +2)
Scrolls take you a little longer to read.


Message History

You closely miss the skeletal warrior.
The skeletal warrior is lightly damaged.
The death knight hits you with a +2 battleaxe.
The skeletal warrior hits you with a +1 vorpal war axe!
* * * LOW HITPOINT WARNING * * *
The skeletal warrior closely misses you.
You closely miss the skeletal warrior.
The skeletal warrior is lightly damaged.
You barely miss the skeletal warrior.
The skeletal warrior is lightly damaged.
The death knight misses you.
You block the skeletal warrior's attack. x2
You can't go down here!
The skeletal warrior hits you with a +1 vorpal war axe.
* * * LOW HITPOINT WARNING * * *
x2 The death knight offers itself to Yredelemnul, and fills with unholy energy.
The skeletal warrior hits you with a +3 long sword of electrocution!
* * * LOW HITPOINT WARNING * * *
You are electrocuted!
You die...

#.#...#.#
#....p..#
##.##.###
####...#.#########
+.................
##.....#.#########
#.W.....#
#zpz##### ##@##
### #R# ..# #.#
#.# #.# #.# #.#
#.###.# #.....#
#.##### #.# #.#


You could see the friendly Appia the battlemage, a death knight (reflects
damage), 2 skeletal warriors and a wraith.

Vanquished Creatures
  Harold (D:7)
  A two-headed ogre (D:8)
  An unseen horror (D:13)
  A phantasmal warrior (D:13)
  A manticore (D:10)
  A gargoyle (D:13)
  2 centaur skeletons
  A kobold demonologist (D:13)
  A troll (D:12)
  2 polar bears (D:11)
  10 yaks
  A wyvern (D:9)
  Menkaure (D:7)
  A water moccasin (D:9)
  An acid dragon (D:12)
  A sky beast (D:7)
  3 orc warriors
  2 black bears
  9 ice beasts
  5 ogres
  An eye of draining (D:12)
  2 phantoms
  3 necrophages (D:11)
  3 centaurs
  A big kobold (D:7)
  5 bullfrogs
  A gnoll sergeant (D:9)
  A water moccasin zombie (D:7)
  2 scorpions
  4 wights
  2 howler monkeys
  A quasit (D:6)
  4 bullfrog zombies
  5 orc priests
  3 jellies
  A bullfrog skeleton (D:12)
  A centaur zombie (D:12)
  5 hounds
  9 orc wizards
  Crazy Yiuf (D:3)
  2 iguanas
  Ijyb (D:4)
  7 worker ants
  4 worker ant zombies
  11 gnolls
  5 adders
  A shadow imp (D:10)
  5 white imps
  An ufetubus (D:10)
  An ooze (D:3)
  2 adder skeletons
  2 worms
  4 leopard geckos
  25 orcs
  A ball python (D:4)
  A giant cockroach (D:3)
  9 goblins
  3 hobgoblins (D:3)
  5 jackals
  4 quokkas
  11 bats
  3 frilled lizards
  A jackal skeleton (D:5)
  15 kobolds
  A leopard gecko zombie (D:6)
  5 rats
231 creatures vanquished.

Vanquished Creatures (collateral kills)
  Gastronok (D:12)
  Erolcha (D:12)
  A two-headed ogre (D:9)
  A troll (D:9)
  10 yaks
  A steam dragon (D:11)
  3 water moccasins
  3 orc warriors
  A black bear (D:9)
  An ice beast (D:12)
  A phantom (D:10)
  The ghost of Sassenached the Chopper, an amateur HOWn (D:3)
  3 necrophages
  A centaur (D:9)
  2 big kobolds
  3 bullfrogs
  A water moccasin zombie (D:11)
  4 scorpions
  A howler monkey (D:2)
  6 wights
  A centaur zombie (D:11)
  A hound (D:10)
  A jelly (D:10)
  2 orc priests
  2 bullfrog skeletons
  An iguana (D:12)
  An orc wizard (D:7)
  A worker ant (D:12)
  2 hound zombies (D:11)
  A mummy (D:11)
  2 worker ant zombies (D:11)
  An adder (D:2)
  10 gnolls
  An adder skeleton (D:7)
  A leopard gecko (D:3)
  11 orcs
  A bat (D:2)
  3 goblins
  3 hobgoblins
  A kobold (D:3)
  A ball python (D:8)
  A frilled lizard (D:3)
  A rat (D:3)
96 creatures vanquished.

Vanquished Creatures (others)
  An orc wizard (D:7)
  6 battlemagi
  An ancestor (D:2)
  43 fungi (D:9)
  34 plants
  2 withered plants (D:11)
87 creatures vanquished.

Grand Total: 414 creatures vanquished

Notes
Turn   | Place    | Note
-------+----------+-------------------------------------------
     0 | D:1      | HyperSummoner the Troll Monk began the quest for the Orb.
     0 | D:1      | Reached XP level 1. HP: 22/22 MP: 0/0
   416 | D:1      | Reached XP level 2. HP: 29/29 MP: 1/1
   619 | D:2      | Found a faded altar of an unknown god.
   631 | D:2      | Became a worshipper of Hepliaklqana the Forgotten
   631 | D:2      | Reached * piety under Hepliaklqana
   631 | D:2      | Reached ** piety under Hepliaklqana
   759 | D:2      | Reached XP level 3. HP: 8/32 MP: 2/2
   830 | D:2      | Noticed a phantom
   884 | D:2      | Killed a phantom
   885 | D:2      | Reached skill level 4 in Unarmed Combat
   885 | D:2      | Reached XP level 4. HP: 10/39 MP: 3/3
   885 | D:2      | Reached XP level 5. HP: 11/46 MP: 4/4
  1070 | D:2      | Reached *** piety under Hepliaklqana
  1184 | D:2      | Remembered your ancestor Appia as a battlemage
  1307 | D:3      | Reached skill level 5 in Unarmed Combat
  1307 | D:3      | Reached XP level 6. HP: 18/53 MP: 5/5
  1370 | D:3      | You fall into a shaft and drop 2 floors!
  1370 | D:5      | Entered Level 5 of the Dungeon
  1887 | D:5      | Reached XP level 7. HP: 60/60 MP: 6/6
  2028 | D:3      | Reached skill level 6 in Unarmed Combat
  2128 | D:3      | Identified the cursed +1 halberd "Zeace" {vamp, Str+4}
  2149 | D:3      | Found a transporter.
  2244 | D:3      | Found a transporter.
  2251 | D:3      | Noticed Sassenached's ghost (amateur HOWn)
  2310 | D:3      | Killed Sassenached's ghost
  2496 | D:3      | Found an ornate altar of the Wu Jian Council.
  2553 | D:3      | You fall into a shaft and drop 1 floor!
  2768 | D:3      | Found a runed translucent door.
  2771 | D:3      | Noticed Crazy Yiuf
  2777 | D:3      | Killed Crazy Yiuf
  2984 | D:4      | Reached **** piety under Hepliaklqana
  3007 | D:4      | Noticed Ijyb
  3021 | D:4      | Killed Ijyb
  3041 | D:4      | Found Kyjitt's Antique Weapon Shoppe.
  3102 | D:4      | Reached skill level 7 in Unarmed Combat
  3311 | D:4      | Reached XP level 8. HP: 56/70 MP: 7/7
  3500 | D:4      | Found a staircase to the Ecumenical Temple.
  3515 | Temple   | Entered the Ecumenical Temple
  4001 | D:6      | Reached skill level 5 in Dodging
  5039 | D:7      | Reached skill level 8 in Unarmed Combat
  5204 | D:7      | Reached XP level 9. HP: 33/75 MP: 8/8
  5208 | D:7      | Reached skill level 9 in Unarmed Combat
  5289 | D:7      | Noticed Harold
  5303 | D:7      | Killed Harold
  5331 | D:7      | Reached skill level 10 in Unarmed Combat
  5373 | D:7      | Noticed Menkaure
  5380 | D:7      | Killed Menkaure
  5735 | D:8      | Reached ***** piety under Hepliaklqana
  5766 | D:8      | Found a radiant altar of Vehumet.
  5813 | D:8      | Noticed a two-headed ogre
  5823 | D:8      | Killed a two-headed ogre
  5824 | D:8      | Reached XP level 10. HP: 20/84 MP: 9/9
  5952 | D:8      | Reached skill level 11 in Unarmed Combat
  6236 | D:8      | Found Saedwe's General Store.
  6602 | D:9      | Noticed a two-headed ogre
  6615 | D:9      | Killed a two-headed ogre
  6616 | D:9      | Reached skill level 5 in Fighting
  6616 | D:9      | Reached skill level 1 in Invocations
  6617 | D:9      | Reached skill level 1 in Spellcasting
  6642 | D:9      | Found a staircase to the Lair.
  6730 | D:9      | Reached skill level 12 in Unarmed Combat
  7190 | D:9      | Found a staircase to the Orcish Mines.
  7200 | D:9      | Found a roughly hewn altar of Beogh.
  7428 | D:10     | Entered Level 10 of the Dungeon
  7487 | D:10     | Found a shimmering altar of Xom.
  7604 | D:10     | Reached XP level 11. HP: 92/93 MP: 12/12
  7728 | D:10     | Found Acrud's Assorted Antiques.
  8448 | D:11     | Got a blackened short sword
  8618 | D:11     | Found a bloodstained altar of Trog.
  8747 | D:11     | Identified the +7 short sword "Ymeajodd" {protect, SInv}
                  | (You found it on level 11 of the Dungeon)
  9010 | D:11     | Found Geng's General Store.
  9026 | D:11     | Bought a scroll of summoning for 142 gold pieces
  9710 | D:12     | Reached skill level 1 in Short Blades
  9713 | D:12     | Noticed Gastronok
  9726 | D:12     | Killed Gastronok
  9727 | D:12     | Reached skill level 1 in Shields
  9973 | D:12     | Reached ****** piety under Hepliaklqana
 10337 | D:12     | Noticed Erolcha
 10338 | D:12     | Found a frozen archway.
 10442 | D:12     | Killed Erolcha
 10443 | D:12     | Reached XP level 12. HP: 78/102 MP: 15/15
 10664 | D:12     | Gained mutation: Scrolls take you a little longer to read.
                  | [potion of mutation]
 10664 | D:12     | Gained mutation: You are partially covered in icy blue
                  | scales. (AC +2) [potion of mutation]
 10853 | D:13     | Got a jewelled cloak
 11079 | D:13     | Noticed a death knight
 11167 | D:13     | Slain by a skeletal warrior

Illustrated notes

Levels and vault maps discovered:
D:1:      dpeg_arrival_leaves_temple_mockup, layout_rooms
D:2:      layout_rooms, chequers_ecumenical_altar_simple
D:3:      minmay_angry_zag, layout_rooms, overflow_temple_1_default,
          gammafunk_ghost_gnarly_gnolls, uniq_crazy_yiuf_cottage
D:4:      layout_loops_ring, minmay_temple_entry_antechambers, serial_shops,
          shop, uniq_ijyb
D:5:      black_bear_nest_2, layout_basic
D:6:      layout_loops_corners
D:7:      layout_layer_cave, uniq_menkaure, uniq_harold
D:8:      layout_loops_cross, vehumet_altar_wand_db, serial_shops,
          nicolae_shop_behind_doors
D:9:      layout_cave_pods, due_lair_maze_entry_diamond,
          minmay_orc_entry_temple_small, serial_park, serial_park_tiny_2
D:10:     layout_layer_cave, serial_shops, shop, xom_teletrap_fun
D:11:     layout_stronghold, serial_shops, shop, serial_undead, serial_undead_d,
          serial_undead_f, serial_undead_d, serial_undead_d, serial_undead_a,
          trog_ov_bears_minmay
D:12:     layout_cave_pods, portal_ice_cave_entry_ice_beasts, uniq_gastronok,
          uniq_erolcha
D:13:     layout_loops_corners, erik_vaults_1
Temple:   regret_index_temple_chain_breaker

Skill      XL: |  1  2  3  4  5  6  7  8  9 10 11 12 |
---------------+-------------------------------------+-----
Dodging        | 3 4 5 6 7 |  7.6
Unarmed Combat | 4 5 7 8 10 12 | 12.9
Fighting       | 3 4 5 6 |  6.5
Stealth        | 2 3 4 |  4.5
Invocations    | 2 4 |  4.9
Spellcasting   | 1 3 |  3.5
Short Blades   | 3 4 |  4.2
Shields        | 1 |  1.9
Staves         | |  0.8

Action                   |  1- 3 |  4- 6 |  7- 9 | 10-12 || total
-------------------------+-------+-------+-------+-------++-------
Melee: Unarmed           |    76 |    74 |   220 |   242 ||   612
       Punch             |       |     1 |    10 |    39 ||    50
       Quarterstaff      |       |       |     5 |       ||     5
       Short sword       |       |       |       |   259 ||   259
Invok: Ancestor Identity |     1 |       |       |       ||     1
       Ancestor Life: Ba |       |     1 |       |       ||     1
       Recall Ancestor   |       |       |     1 |       ||     1
       Idealise          |       |       |       |     3 ||     3
  Use: Scroll            |       |       |     1 |    24 ||    25
       Potion            |       |       |       |     4 ||     4
 Stab: Sleeping          |       |     1 |     7 |    10 ||    18
       Distracted        |       |       |     4 |     2 ||     6
       Invisible         |       |       |       |     4 ||     4
Armor: Robe              |    43 |    21 |    72 |    81 ||   217
       Steam dragon scal |       |       |       |    82 ||    82
Dodge: Dodged            |    61 |    47 |   130 |   277 ||   515
Block: Other             |       |       |       |    80 ||    80
